 Dungeon Crawl Stone Soup version 0.31.0-11-ge490571c62 (webtiles) character file.

Game seed: 16529718091629448956

46481 qw the Marksspriggan (level 14, -1/72 HPs)
             Began as a Spriggan Hunter on Feb 4, 2024.
             Was a High Priest of Okawaru.
             Succumbed to a cane toad's poison
             ... on level 5 of the Lair of Beasts.
             The game lasted 00:02:14 (16893 turns).

qw the Marksspriggan (Spriggan Hunter)             Turns: 16893, Time: 00:02:15

Health: -1/72      AC: 12    Str:  7    XL:     14   Next: 5%
Magic:  22/22      EV: 30    Int: 10    God:    Okawaru [*****.]
Gold:   619        SH:  0    Dex: 24    Spells: 13/13 levels left

rFire   + . .        c - +0 arbalest
rCold   + . .        (shield currently unavailable)
rNeg    . . .        f - +0 acid dragon scales
rPois   .            j - +2 hat
rElec   .            l - scarf {rC+ rF+}
rCorr   +            (gloves unavailable)
SInv    +            (boots unavailable)
Will    +++..        (no amulet)
Stlth   ++           g - +4 ring of protection
HPRegen 0.32/turn    s - ring of willpower
MPRegen 0.18/turn

%: no passive effects
@: lethally poisoned (-1 -> -17), very quick
A: very small, no large weapons, unfitting armour, see invisible, speed 3
a: Renounce Religion, Heroism, Finesse, Duel


You were on level 5 of the Lair of Beasts.
You worshipped Okawaru.
Okawaru was extremely pleased with you.
You visited 2 branches of the dungeon, and saw 16 of its levels.

You collected 769 gold pieces.
You spent 150 gold pieces at shops.


Innate Abilities, Weirdness & Mutations

You are very small and have problems with some larger weapons.
You are too small for most types of armour.
You have supernaturally acute eyesight. (SInv)
You cover ground extremely quickly. (Speed+++)


   Skills:
 - Level 7.0 Fighting
 + Level 17.3 Ranged Weapons
 - Level 2.0 Armour
 - Level 16.0 Dodging
 - Level 1.5 Stealth
 - Level 10.1 Invocations


You had 13 spell levels left.
You didn't know any spells.
Your spell library was empty.

Inventory:

Hand Weapons
 c - a +0 arbalest (weapon)
Armour
 f - +0 acid dragon scales (worn)
 j - a +2 hat (worn)
 l - a scarf of resistance (worn)
 n - a +0 cloak
Jewellery
 e - an amulet of guardian spirit
 g - a +4 ring of protection (left hand)
 s - a ring of willpower (right hand)
 u - the ring of Fonerph Hawo {rC+ Stlth+}
   (You found it on level 3 of the Lair of Beasts)

   [ring of protection from cold]

   rC+:       It protects you from cold.
   Stlth+:    It makes you more stealthy.
 y - a ring of protection from fire
Wands
 b - a wand of paralysis (15)
 m - a wand of iceblast (11)
 p - a wand of polymorph (1)
 r - a wand of mindburst (5)
 v - a wand of digging (8)
 x - a wand of quicksilver (2)
Scrolls
 q - a scroll of identify
Potions
 a - 2 potions of haste
 d - a potion of mutation
 h - 7 potions of curing
 i - a potion of enlightenment
 k - a potion of might
 o - a potion of attraction {unknown}
 t - a potion of invisibility {unknown}

Dungeon Overview and Level Annotations

Branches:
Dungeon (11/15)            Temple (0/1) D:7            Lair (5/5) D:11
 Shoals (0/4) Lair:2       Spider (0/4) Lair:3        Slime (0/5) Lair:4
    Orc: D:9-12

Altars:
Gozag
Hepliaklqana
Nemelex Xobeh
Okawaru
Sif Muna
Vehumet
Yredelemnul
Jiyva

Shops:
D:4 !!(=   D:5 :   D:11 (

Annotations:
D:10 3 runed translucent doors, qw's ghost, novice DEHu


Message History

You shoot a bolt. The bolt hits the small abomination!!
You destroy the small abomination!
Okawaru accepts your kill.
The blink frog blinks!
The cane toad stings you.
You are poisoned.
The cane toad poisons you!
Enter note:
Enter note:
Enter note:
Enter note: You shoot a bolt.
The bolt closely misses the cane toad.
The bolt hits the chaos spawn!!
The chaos spawn is severely wounded.
You feel very sick. The cane toad closely misses you.
The blink frog closely misses you.
You shoot a bolt. The bolt hits the blink frog!!
The blink frog is severely wounded.
You feel very sick. The cane toad completely misses you.
The blink frog blinks!
You shoot a bolt. The bolt hits the cane toad!
The cane toad is heavily wounded.
You feel sick. The cane toad stings you. The cane toad completely misses you.
You shoot a bolt. The bolt hits the cane toad!
The cane toad is severely wounded.
You feel sick. The cane toad completely misses you.
You shoot a bolt. The bolt closely misses the blink frog.
You feel sick. The blink frog completely misses you. The cane toad stings you.
The blink frog misses you.
You shoot a bolt. The bolt closely misses the blink frog.
You feel sick. The cane toad stings you!
You are lethally poisoned!
The cane toad poisons you! The blink frog barely misses you.
The cane toad misses you. The blink frog misses you.
You shoot a bolt. The bolt barely misses the cane toad.
The bolt barely misses the chaos spawn.
You feel very sick. The cane toad stings you!
The blink frog completely misses you.
You shoot a bolt. The bolt hits the cane toad!
The cane toad is almost dead.
You die... #...77 7 777... ....7 7%777

777..... ....7
....777777....77%
.#.77
7...77......7777
##77 7.......777
# . 777......77
...77 77......777
......77.....777


74F@F)7777 7777777 You could see a cane toad, a blink frog and a chaos spawn.

Vanquished Creatures
  Gastronok (Lair:1)
  A fire dragon (Lair:5)
  2 hydras
  A boulder beetle (Lair:5)
  2 two-headed ogres
  Urug (D:11)
  Nergalle (Lair:1)
  An arcanist (D:11)
  2 manticores (D:11)
  A cyclops (D:11)
  7 elephants (Lair:3)
  4 black mambas
  A smoke demon (Lair:5)
  13 cane toads
  2 unseen horrors (D:11)
  13 komodo dragons
  Psyche (D:8)
  3 rime drakes
  A polar bear (Lair:2)
  A troll (D:11)
  Prince Ribbit (D:6)
  A raiju (Lair:5)
  A snapping turtle (Lair:2)
  20 blink frogs
  4 slime creatures (D:11)
  6 dream sheep (Lair:5)
  A water elemental (Lair:2)
  2 culicivoras (Lair:3)
  A wyvern (Lair:1)
  7 spriggans (Lair:1)
  A wraith (D:9)
  4 basilisks
  63 yaks
  2 vampire mosquitoes (D:11)
  7 steam dragons
  2 chaos spawn (Lair:5)
  An acid dragon (D:11)
  16 water moccasins
  4 orc warriors
  A sky beast (D:8)
  3 black bears
  2 ogres (D:6)
  3 centaurs
  4 wolves (Lair:2)
  4 phantoms
  2 kobold brigands
  3 gnoll sergeants
  13 bullfrogs
  4 scorpions
  9 small abominations (Lair:5)
  4 killer bees (D:9)
  5 howler monkeys
  3 electric eels
  2 hounds
  2 bombardier beetles
  3 orc priests
  2 sleepcaps
  An iguana (D:5)
  10 orc wizards
  A statue (D:8)
  14 gnolls
  5 adders
  A shadow imp (D:5)
  3 white imps
  6 ufetubi
  5 dart slugs
  22 orcs
  10 ball pythons
  7 endoplasms
  3 giant cockroaches
  11 goblins
  8 hobgoblins
  5 jackals (D:4)
  18 kobolds
  4 quokkas
  4 bats
  4 frilled lizards
  3 rats
417 creatures vanquished.

Vanquished Creatures (others)
  A wyvern (D:9)
  A steam dragon (Lair:5)
2 creatures vanquished.

Grand Total: 419 creatures vanquished

Notes
Turn   | Place    | Note
-------+----------+-------------------------------------------
     0 | D:1      | qw the Spriggan Hunter began the quest for the Orb.
     0 | D:1      | Reached XP level 1. HP: 10/10 MP: 2/2
     0 | D:1      | 0 ||| qw: Version: 0.3-a-160-g6735b56
     0 | D:1      | 0 ||| qw: Game counter: 5258
     0 | D:1      | 0 ||| qw: Melee chars always use a shield: true
     0 | D:1      | 0 ||| qw: God list: Okawaru
     0 | D:1      | 0 ||| qw: Allow faded altars: false
     0 | D:1      | 0 ||| qw: Do Orc after clearing Dungeon:15 true
     0 | D:1      | 0 ||| qw: Do second Lair branch before Depths: true
     0 | D:1      | 0 ||| qw: Lair rune preference: random
     0 | D:1      | 0 ||| qw: Goals: Normal
     0 | D:1      | 0 ||| PLANNING D:1-11
     9 | D:1      | Reached skill level 3 in Dodging
    15 | D:1      | Reached XP level 2. HP: 14/14 MP: 3/3
    19 | D:1      | Found a faded altar of an unknown god.
   675 | D:1      | Reached XP level 3. HP: 18/18 MP: 4/4
   800 | D:1      | 800 ||| UPGRADING to amulet of guardian spirit.
   805 | D:1      | 805 ||| DRINKING 2 golden potions.
   811 | D:1      | 811 ||| DROPPING scroll of butterflies.
   812 | D:1      | 812 ||| DROPPING potion of ambrosia.
  1358 | D:2      | Reached skill level 5 in Ranged Weapons
  1405 | D:2      | Reached XP level 4. HP: 22/22 MP: 5/5
  1721 | D:2      | 1721 ||| READING scroll labelled QIKHOI BICZI.
  1725 | D:2      | 1725 ||| READING scroll labelled QOUBLEY XAITO.
  1726 | D:2      | 1726 ||| READING scroll labelled JIT USHRYSORAS.
  2525 | D:3      | 2525 ||| READING scroll labelled MAIRIADURU.
  2525 | D:3      | 2525 ||| ENCHANTING +0 shortbow.
  2526 | D:3      | 2526 ||| READING scroll labelled EMUICS ZYTE.
  2563 | D:4      | Found Juvetu Paeze's Weapon Shop.
  2571 | D:4      | 2571 ||| BUYING +0 orcbow (45 gold).
  2571 | D:4      | Bought a +0 orcbow for 45 gold pieces
  2571 | D:4      | 2571 ||| SWAPPING to +0 orcbow.
  2572 | D:4      | 2572 ||| DROPPING +1 shortbow.
  2773 | D:4      | 2773 ||| READING scroll of enchant weapon.
  2773 | D:4      | 2773 ||| ENCHANTING +0 orcbow.
  2815 | D:4      | Reached XP level 5. HP: 26/26 MP: 6/6
  2837 | D:4      | 2837 ||| FLEEEEING.
  2838 | D:4      | 2838 ||| FLEEEEING.
  2839 | D:4      | 2839 ||| FLEEEEING.
  2840 | D:4      | 2840 ||| FLEEEEING.
  2841 | D:4      | 2841 ||| FLEEEEING.
  2842 | D:4      | 2842 ||| FLEEEEING.
  2843 | D:4      | 2843 ||| FLEEEEING.
  2844 | D:4      | 2844 ||| FLEEEEING.
  2845 | D:4      | 2845 ||| FLEEEEING.
  2846 | D:4      | 2846 ||| FLEEEEING.
  2866 | D:4      | Found Uminy's Distillery.
  2869 | D:4      | 2869 ||| BUYING potion of curing (36 gold).
  2869 | D:4      | Bought a potion of curing for 36 gold pieces
  2869 | D:4      | 2869 ||| BUYING potion of curing (36 gold).
  2869 | D:4      | Bought a potion of curing for 36 gold pieces
  2869 | D:4      | 2869 ||| SHOPLISTING potion of haste (120 gold, have 35).
  2869 | D:4      | 2869 ||| SHOPLISTING potion of heal wounds (60 gold, have
                  | 35).
  2869 | D:4      | 2869 ||| SHOPLISTING potion of mutation (96 gold, have 35).
  2892 | D:4      | Found Misyits's Distillery.
  2902 | D:4      | 2902 ||| BUYING potion of curing (33 gold).
  2902 | D:4      | Bought a potion of curing for 33 gold pieces
  2902 | D:4      | 2902 ||| SHOPLISTING potion of haste (110 gold, have 2).
  2902 | D:4      | 2902 ||| SHOPLISTING potion of heal wounds (55 gold, have
                  | 2).
  2902 | D:4      | 2902 ||| SHOPLISTING potion of mutation (88 gold, have 2).
  2902 | D:4      | 2902 ||| SHOPLISTING potion of resistance (110 gold, have
                  | 2).
  2924 | D:4      | Found Awye's Jewellery Shop.
  2933 | D:4      | 2933 ||| SHOPLISTING amulet of the acrobat (360 gold, have
                  | 2).
  2933 | D:4      | 2933 ||| SHOPLISTING ring "Ysokiroakk" {rF++ Will+} (594
                  | gold, have 2).
  2933 | D:4      | 2933 ||| SHOPLISTING ring of protection from fire (300
                  | gold, have 2).
  2933 | D:4      | 2933 ||| SHOPLISTING ring of resist corrosion (240 gold,
                  | have 2).
  3005 | D:4      | Found an opulent altar of Gozag.
  3399 | D:4      | 3399 ||| UPGRADING to +4 ring of protection.
  3400 | D:4      | 3400 ||| DROPPING +6 ring of intelligence.
  3401 | D:4      | 3401 ||| READING scroll labelled RAUSKE IHUH.
  3402 | D:4      | 3402 ||| READING scroll labelled YCYLIHEFANT.
  3476 | D:5      | Entered Level 5 of the Dungeon
  3483 | D:5      | Reached skill level 6 in Ranged Weapons
  3495 | D:5      | Noticed a centaur
  3499 | D:5      | 3499 ||| FLEEEEING.
  3500 | D:5      | 3500 ||| FLEEEEING.
  3501 | D:5      | 3501 ||| FLEEEEING.
  3502 | D:5      | 3502 ||| FLEEEEING.
  3503 | D:5      | 3503 ||| FLEEEEING.
  3504 | D:5      | 3504 ||| FLEEEEING.
  3506 | D:5      | 3506 ||| STAIRDANCE
  3530 | D:5      | 3530 ||| STAIRDANCE
  3549 | D:5      | 3549 ||| STAIRDANCE
  3579 | D:5      | Killed a centaur
  3580 | D:5      | Reached XP level 6. HP: 30/30 MP: 7/7
  3612 | D:5      | Reached skill level 6 in Dodging
  3630 | D:5      | Found Fiafeguc's Book Shoppe.
  3821 | D:5      | Noticed a water moccasin
  3826 | D:5      | Killed a water moccasin
  3827 | D:5      | Reached skill level 7 in Ranged Weapons
  3848 | D:5      | Reached XP level 7. HP: 35/35 MP: 8/8
  3899 | D:5      | Found an iron altar of Okawaru.
  3899 | D:5      | Found a shimmering blue altar of Sif Muna.
  3900 | D:5      | 3900 ||| PLANNING OKAWARU WORSHIP
  3900 | D:5      | 3900 ||| READING scroll labelled WAIMPIQOYME.
  4004 | D:5      | Became a worshipper of Warmaster Okawaru
  4005 | D:5      | 4005 ||| PLANNING D:1-11
  4005 | D:5      | 4005 ||| REMOVING amulet of guardian spirit.
  4312 | D:5      | Reached skill level 8 in Ranged Weapons
  4428 | D:5      | 4428 ||| READING scroll labelled FEULATT FAAGUY.
  4430 | D:5      | 4430 ||| Stepping ~*~*~tactically~*~*~ (cloud).
  4536 | D:6      | Found a sparkling altar of Nemelex Xobeh.
  4581 | D:6      | Reached XP level 8. HP: 29/39 MP: 9/9
  4707 | D:6      | Reached * piety under Okawaru
  4712 | D:6      | 4712 ||| RETREEEEATING.
  4713 | D:6      | 4713 ||| RETREEEEATING.
  4715 | D:6      | 4715 ||| RETREEEEATING.
  4727 | D:6      | Reached skill level 1 in Invocations
  4795 | D:6      | Noticed Prince Ribbit
  4796 | D:6      | 4796 ||| INVOKING Heroism.
  4813 | D:6      | 4813 ||| INVOKING Heroism.
  4815 | D:6      | Killed Prince Ribbit
  4816 | D:6      | Reached skill level 3 in Fighting
  5078 | D:6      | Reached skill level 3 in Invocations
  5215 | D:6      | 5215 ||| DRINKING 2 clear potions.
  5276 | D:7      | Reached skill level 9 in Ranged Weapons
  5335 | D:7      | Reached ** piety under Okawaru
  5355 | D:7      | Reached XP level 9. HP: 45/45 MP: 12/12
  5469 | D:7      | Reached skill level 9 in Dodging
  5478 | D:7      | HP: 8/45 [gnoll/+0 whip[a gnoll sergeant] (7)]
  5479 | D:7      | 5479 ||| READING 2 scrolls of teleportation.
  5479 | D:7      | HP: 2/45 [gnoll/+0 spear[a gnoll sergeant] (5)]
  5480 | D:7      | 5480 ||| DRINKING potion of heal wounds.
  5712 | D:7      | Found a staircase to the Ecumenical Temple.
  6064 | D:8      | 6064 ||| RETREEEEATING.
  6066 | D:8      | 6066 ||| RETREEEEATING.
  6067 | D:8      | 6067 ||| RETREEEEATING.
  6175 | D:8      | 6175 ||| RETREEEEATING.
  6176 | D:8      | 6176 ||| RETREEEEATING.
  6180 | D:8      | 6180 ||| RETREEEEATING.
  6182 | D:8      | 6182 ||| RETREEEEATING.
  6183 | D:8      | 6183 ||| RETREEEEATING.
  6184 | D:8      | 6184 ||| RETREEEEATING.
  6185 | D:8      | 6185 ||| RETREEEEATING.
  6186 | D:8      | 6186 ||| RETREEEEATING.
  6190 | D:8      | 6190 ||| RETREEEEATING.
  6191 | D:8      | 6191 ||| RETREEEEATING.
  6192 | D:8      | 6192 ||| RETREEEEATING.
  6193 | D:8      | 6193 ||| RETREEEEATING.
  6198 | D:8      | 6198 ||| RETREEEEATING.
  6199 | D:8      | 6199 ||| RETREEEEATING.
  6203 | D:8      | Reached *** piety under Okawaru
  6385 | D:8      | Reached skill level 10 in Ranged Weapons
  6690 | D:8      | Noticed a two-headed ogre
  6691 | D:8      | 6691 ||| INVOKING Heroism.
  6696 | D:8      | Killed a two-headed ogre
  6741 | D:8      | Noticed Psyche
  6742 | D:8      | 6742 ||| INVOKING Heroism.
  6746 | D:8      | Killed Psyche
  7068 | D:8      | Found a radiant altar of Vehumet.
  7205 | D:8      | 7205 ||| UPGRADING to scarf of resistance.
  7210 | D:8      | 7210 ||| READING scroll labelled OGASMA QEYME.
  7211 | D:8      | 7211 ||| DRINKING 3 purple potions.
  7212 | D:8      | 7212 ||| DROPPING 2 potions of brilliance.
  7296 | D:9      | 7296 ||| INVOKING Heroism.
  7299 | D:9      | Reached XP level 10. HP: 42/52 MP: 11/14
  7863 | D:9      | 7863 ||| RETREEEEATING.
  7866 | D:9      | 7866 ||| RETREEEEATING.
  7869 | D:9      | 7869 ||| RETREEEEATING.
  7871 | D:9      | 7871 ||| RETREEEEATING.
  7878 | D:9      | Reached **** piety under Okawaru
  7886 | D:9      | Reached skill level 11 in Ranged Weapons
  7897 | D:9      | HP: 13/52 [yak (12)]
  7898 | D:9      | 7898 ||| READING 2 scrolls of teleportation.
  7899 | D:9      | 7899 ||| DRINKING potion of heal wounds.
  8043 | D:9      | HP: 11/52 [orc wizard/+0 dagger (4)]
  8044 | D:9      | 8044 ||| READING scroll of teleportation.
  8456 | D:9      | 8456 ||| READING 2 scrolls labelled JIMYANUNLO.
  8456 | D:9      | 8456 ||| IDENTIFYING grey potion
  8457 | D:9      | 8457 ||| READING scroll of identify.
  8457 | D:9      | 8457 ||| IDENTIFYING viscous amethyst potion
  8458 | D:9      | 8458 ||| READING scroll labelled ZUAQOSMI HUVYERGHA.
  8459 | D:9      | 8459 ||| READING scroll labelled SERCHEP OVUNE.
  8459 | D:9      | 8459 ||| BRANDING +1 orcbow.
  8460 | D:9      | 8460 ||| DRINKING 2 ruby potions.
  8461 | D:9      | 8461 ||| FLEEEEING.
  8462 | D:9      | 8462 ||| FLEEEEING.
  8463 | D:9      | 8463 ||| FLEEEEING.
  8464 | D:9      | 8464 ||| FLEEEEING.
  8565 | D:9      | 8565 ||| DROPPING potion of berserk rage.
  8577 | D:10     | Entered Level 10 of the Dungeon
  8585 | D:10     | 8585 ||| STAIRDANCE
  8692 | D:10     | Found a runed translucent gate.
  8693 | D:10     | Found a runed translucent gate.
  8696 | D:10     | Noticed qw's ghost (novice DEHu)
  8747 | D:10     | 8747 ||| RETREEEEATING.
  8749 | D:10     | 8749 ||| RETREEEEATING.
  8750 | D:10     | 8750 ||| RETREEEEATING.
  8751 | D:10     | 8751 ||| RETREEEEATING.
  8752 | D:10     | 8752 ||| RETREEEEATING.
  8757 | D:10     | Reached skill level 12 in Dodging
  8768 | D:10     | Reached skill level 6 in Invocations
  8880 | D:10     | 8880 ||| READING scroll of enchant weapon.
  8880 | D:10     | 8880 ||| ENCHANTING +1 orcbow of draining.
  8887 | D:10     | Found a hazy altar of Hepliaklqana.
  8887 | D:10     | Noticed a manticore
  8959 | D:10     | Found a basalt altar of Yredelemnul.
  9048 | D:10     | Found a runed translucent gate.
  9049 | D:10     | Noticed an 11-headed hydra
  9053 | D:10     | 9053 ||| READING scroll of identify.
  9053 | D:10     | 9053 ||| IDENTIFYING brown potion
  9077 | D:11     | Reached ***** piety under Okawaru
  9091 | D:11     | Found Fintu's Weapon Emporium.
  9141 | D:11     | Noticed a cyclops
  9142 | D:11     | 9142 ||| INVOKING Finesse.
  9149 | D:11     | Killed a cyclops
  9150 | D:11     | Reached XP level 11. HP: 56/56 MP: 11/17
  9289 | D:11     | Noticed an arcanist
  9290 | D:11     | 9290 ||| INVOKING Finesse.
  9296 | D:11     | Killed an arcanist
  9344 | D:11     | Reached skill level 12 in Ranged Weapons
  9431 | D:11     | Noticed a two-headed ogre
  9432 | D:11     | 9432 ||| INVOKING Finesse.
  9440 | D:11     | Killed a two-headed ogre
  9475 | D:11     | Found a staircase to the Lair.
  9647 | D:11     | 9647 ||| RETREEEEATING.
  9773 | D:11     | Noticed Urug
  9774 | D:11     | 9774 ||| INVOKING Finesse.
  9793 | D:11     | Killed Urug
  9793 | D:11     | Received a gift from Okawaru
 10353 | D:11     | 10353 ||| PLANNING LAIR
 10353 | D:11     | 10353 ||| UPGRADING to +0 acid dragon scales.
 10363 | D:11     | 10363 ||| DROPPING +0 robe.
 10418 | Lair:1   | Entered Level 1 of the Lair of Beasts
 10492 | Lair:1   | Noticed Nergalle
 10493 | Lair:1   | 10493 ||| INVOKING Finesse.
 10521 | Lair:1   | Killed Nergalle
 10522 | Lair:1   | Reached skill level 1 in Armour
 10527 | Lair:1   | HP: 14/56 [poisoned by a cane toad]
 10528 | Lair:1   | 10528 ||| READING scroll of teleportation.
 10532 | Lair:1   | HP: 7/56 [poisoned by a cane toad]
 10593 | Lair:1   | Reached skill level 9 in Invocations
 10864 | Lair:1   | 10864 ||| RETREEEEATING.
 10876 | Lair:1   | HP: 7/56 [komodo dragon (17)]
 11072 | Lair:1   | 11072 ||| RETREEEEATING.
 11212 | Lair:1   | 11212 ||| INVOKING Finesse.
 11308 | Lair:1   | HP: 11/56 [spriggan/+0 short sword (6)]
 11612 | Lair:1   | Noticed Gastronok
 11613 | Lair:1   | 11613 ||| INVOKING Finesse.
 11639 | Lair:1   | Killed Gastronok
 11640 | Lair:1   | Reached XP level 12. HP: 40/60 MP: 16/20
 11715 | Lair:1   | You fall into a shaft and drop 1 floor!
 11727 | Lair:2   | 11727 ||| INVOKING Finesse.
 11728 | Lair:2   | 11728 ||| INVOKING Heroism.
 11732 | Lair:2   | Reached skill level 13 in Ranged Weapons
 11808 | Lair:2   | 11808 ||| INVOKING Finesse.
 11919 | Lair:2   | 11919 ||| UPGRADING to +2 hat.
 12004 | Lair:1   | 12004 ||| RETREEEEATING.
 12006 | Lair:1   | 12006 ||| RETREEEEATING.
 12008 | Lair:1   | 12008 ||| RETREEEEATING.
 12010 | Lair:1   | 12010 ||| RETREEEEATING.
 12037 | Lair:1   | 12037 ||| RETREEEEATING.
 12042 | Lair:1   | 12042 ||| RETREEEEATING.
 12051 | Lair:1   | 12051 ||| RETREEEEATING.
 12052 | Lair:1   | 12052 ||| RETREEEEATING.
 12053 | Lair:1   | 12053 ||| RETREEEEATING.
 12054 | Lair:1   | 12054 ||| RETREEEEATING.
 12055 | Lair:1   | 12055 ||| RETREEEEATING.
 12058 | Lair:1   | 12058 ||| RETREEEEATING.
 12060 | Lair:1   | 12060 ||| RETREEEEATING.
 12077 | Lair:1   | Reached skill level 14 in Ranged Weapons
 12131 | Lair:1   | Reached skill level 6 in Fighting
 12140 | Lair:1   | 12140 ||| RETREEEEATING.
 12141 | Lair:1   | Received a gift from Okawaru
 12405 | Lair:2   | 12405 ||| RETREEEEATING.
 12408 | Lair:2   | 12408 ||| RETREEEEATING.
 12409 | Lair:2   | 12409 ||| RETREEEEATING.
 12410 | Lair:2   | 12410 ||| RETREEEEATING.
 12411 | Lair:2   | 12411 ||| RETREEEEATING.
 12413 | Lair:2   | 12413 ||| RETREEEEATING.
 12414 | Lair:2   | 12414 ||| RETREEEEATING.
 12415 | Lair:2   | 12415 ||| RETREEEEATING.
 12416 | Lair:2   | 12416 ||| RETREEEEATING.
 12417 | Lair:2   | 12417 ||| RETREEEEATING.
 12482 | Lair:2   | 12482 ||| RETREEEEATING.
 12485 | Lair:2   | 12485 ||| RETREEEEATING.
 12522 | Lair:2   | 12522 ||| RETREEEEATING.
 12693 | Lair:2   | Found a staircase to the Shoals.
 13192 | Lair:2   | 13192 ||| UPGRADING to ring of willpower.
 13214 | Lair:3   | 13214 ||| RETREEEEATING.
 13215 | Lair:3   | 13215 ||| RETREEEEATING.
 13222 | Lair:3   | 13222 ||| INVOKING Finesse.
 13279 | Lair:3   | 13279 ||| RETREEEEATING.
 13280 | Lair:3   | 13280 ||| RETREEEEATING.
 13281 | Lair:3   | 13281 ||| RETREEEEATING.
 13286 | Lair:3   | 13286 ||| RETREEEEATING.
 13288 | Lair:3   | 13288 ||| RETREEEEATING.
 13289 | Lair:3   | 13289 ||| RETREEEEATING.
 13290 | Lair:3   | 13290 ||| RETREEEEATING.
 13291 | Lair:3   | 13291 ||| RETREEEEATING.
 13292 | Lair:3   | 13292 ||| RETREEEEATING.
 13293 | Lair:3   | 13293 ||| RETREEEEATING.
 13294 | Lair:3   | 13294 ||| RETREEEEATING.
 13295 | Lair:3   | 13295 ||| RETREEEEATING.
 13296 | Lair:3   | 13296 ||| RETREEEEATING.
 13307 | Lair:3   | Reached skill level 15 in Ranged Weapons
 13310 | Lair:3   | Received a gift from Okawaru
 13391 | Lair:3   | Found a hole to the Spider Nest.
 13514 | Lair:3   | 13514 ||| RETREEEEATING.
 13517 | Lair:3   | 13517 ||| RETREEEEATING.
 13521 | Lair:3   | Reached XP level 13. HP: 65/65 MP: 21/21
 13786 | Lair:3   | Received a gift from Okawaru
 13836 | Lair:3   | Identified the ring of Fonerph Hawo {rC+ Stlth+}
 14062 | Lair:3   | Reached skill level 16 in Ranged Weapons
 14110 | Lair:3   | 14110 ||| INVOKING Finesse.
 14294 | Lair:3   | 14294 ||| READING scroll of brand weapon.
 14294 | Lair:3   | 14294 ||| BRANDING +2 orcbow of draining.
 14295 | Lair:3   | 14295 ||| SWAPPING to +0 arbalest.
 14296 | Lair:3   | 14296 ||| DROPPING +2 orcbow of chaos.
 14469 | Lair:3   | 14469 ||| READING scroll of identify.
 14469 | Lair:3   | 14469 ||| IDENTIFYING smoky silvery potion
 14568 | Lair:4   | 14568 ||| RETREEEEATING.
 14584 | Lair:4   | 14584 ||| INVOKING Finesse.
 14597 | Lair:4   | Reached skill level 15 in Dodging
 14878 | Lair:4   | Found a staircase to the Slime Pits.
 14879 | Lair:4   | Found a viscous altar of Jiyva.
 15406 | Lair:4   | 15406 ||| READING scroll of identify.
 15406 | Lair:4   | 15406 ||| IDENTIFYING glowing blue potion
 15407 | Lair:4   | 15407 ||| DROPPING potion of degeneration.
 15445 | Lair:5   | Entered Level 5 of the Lair of Beasts
 15488 | Lair:5   | 15488 ||| RETREEEEATING.
 15489 | Lair:5   | 15489 ||| RETREEEEATING.
 15491 | Lair:5   | 15491 ||| RETREEEEATING.
 15494 | Lair:5   | 15494 ||| RETREEEEATING.
 15495 | Lair:5   | 15495 ||| RETREEEEATING.
 15496 | Lair:5   | 15496 ||| RETREEEEATING.
 15497 | Lair:5   | 15497 ||| RETREEEEATING.
 15498 | Lair:5   | 15498 ||| RETREEEEATING.
 15499 | Lair:5   | 15499 ||| RETREEEEATING.
 15500 | Lair:5   | 15500 ||| RETREEEEATING.
 15501 | Lair:5   | 15501 ||| RETREEEEATING.
 15502 | Lair:5   | 15502 ||| RETREEEEATING.
 15503 | Lair:5   | 15503 ||| RETREEEEATING.
 15505 | Lair:5   | 15505 ||| RETREEEEATING.
 15506 | Lair:5   | 15506 ||| RETREEEEATING.
 15507 | Lair:5   | 15507 ||| RETREEEEATING.
 15509 | Lair:5   | 15509 ||| RETREEEEATING.
 15526 | Lair:5   | Received a gift from Okawaru
 15675 | Lair:5   | 15675 ||| RETREEEEATING.
 15677 | Lair:5   | 15677 ||| RETREEEEATING.
 15680 | Lair:5   | 15680 ||| RETREEEEATING.
 15683 | Lair:5   | 15683 ||| RETREEEEATING.
 15734 | Lair:5   | Noticed a fire dragon
 15735 | Lair:5   | 15735 ||| INVOKING Finesse.
 15751 | Lair:5   | HP: 8/67 [fire dragon (10)]
 15752 | Lair:5   | 15752 ||| DRINKING potion of heal wounds.
 15757 | Lair:5   | HP: 9/67 [fire dragon (4)]
 15758 | Lair:5   | Killed a fire dragon
 15776 | Lair:5   | 15776 ||| FLEEEEING.
 15777 | Lair:5   | 15777 ||| FLEEEEING.
 15779 | Lair:5   | 15779 ||| FLEEEEING.
 15780 | Lair:5   | 15780 ||| FLEEEEING.
 16027 | Lair:5   | 16027 ||| RETREEEEATING.
 16031 | Lair:5   | Reached skill level 17 in Ranged Weapons
 16130 | Lair:5   | 16130 ||| RETREEEEATING.
 16138 | Lair:5   | Received a gift from Okawaru
 16391 | Lair:5   | 16391 ||| RETREEEEATING.
 16394 | Lair:5   | 16394 ||| RETREEEEATING.
 16395 | Lair:5   | 16395 ||| RETREEEEATING.
 16396 | Lair:5   | 16396 ||| RETREEEEATING.
 16398 | Lair:5   | HP: 13/67 [small abomination (7)]
 16400 | Lair:5   | 16400 ||| RETREEEEATING.
 16402 | Lair:5   | 16402 ||| RETREEEEATING.
 16403 | Lair:5   | 16403 ||| RETREEEEATING.
 16404 | Lair:5   | 16404 ||| RETREEEEATING.
 16409 | Lair:5   | HP: 10/67 [blink frog (6)]
 16424 | Lair:5   | HP: 11/67 [blink frog (5)]
 16709 | Lair:5   | Reached XP level 14. HP: 53/72 MP: 22/22
 16892 | Lair:5   | HP: 16/72 [poisoned by a cane toad]
 16892 | Lair:5   | HP: 3/72 [cane toad (shapeshifter) (13)]
 16893 | Lair:5   | Succumbed to a cane toad's poison

Levels and vault maps discovered:
D:1:      dpeg_arrival_rhombus, layout_basic,
          ebering_ecumenical_altar_sacrificial
D:2:      layout_loops_corners, minivault_14, minmay_goblin_outpost
D:3:      layout_basic
D:4:      layout_loops_corners, kennysheep_mini_moat, serial_shops,
          nicolae_shop_behind_doors, shop, nicolae_shop_crystal,
          nicolae_square_shop
D:5:      layout_gridville, gammafunk_temple_overflow_wave, serial_shops,
          nicolae_shop_pleasant_corner_grove, minivault_14,
          chequers_serial_rivers_small_b, nrook_mini_backslash
D:6:      layout_rooms, nemelex_xobeh_ov_fountains_minmay, serial_curves,
          eino_curves_04, eino_curves_04, uniq_prince_ribbit1
D:7:      layout_loops_ring, minmay_temple_entry_mini_moons
D:8:      layout_layer_cave, vehumet_statue, hex_medium, uniq_psyche
D:9:      layout_stronghold, amcnicky_mini_corridor_feature
D:10:     layout_rooms, mainiacjoe_overflow_alcove_4,
          mainiacjoe_overflow_surrounded_room, gammafunk_ghost_hydra_chop
D:11:     layout_stronghold, dpeg_oklobed_lair, kennysheep_small_circle,
          uniq_urug
Lair:1:   kb_forest_paths, layout_long_grid, uniq_nergalle, uniq_gastronok
Lair:2:   layout_roguey, minmay_shoals_entry_hut, beast_lair_carwin_4
Lair:3:   layout_regular_city, spider_nest_entry_rubble, grunt_megastairs_5,
          serial_bayou_shore_a
Lair:4:   layout_roguey, slime_entry_1
Lair:5:   hellmonk_lair_end_abyssal_woods, layout_loops_ring,
          bobbens_dragon_lair_wall

Skill      XL: |  1  2  3  4  5  6  7  8  9 10 11 12 13 |
---------------+----------------------------------------+-----
Dodging        | 3 4 5 7 8 10 12 14 16 | 16.0
Ranged Weapons | 5 6 7 8 9 10 11 12 15 17 | 17.3
Fighting       | 2 3 5 6 7 |  7.0
Invocations    | 3 4 6 10 | 10.1
Armour         | 1 2 |  2.0
Stealth        | |  1.5

Action                     |  1- 3 |  4- 6 |  7- 9 | 10-12 | 13-15 || total
---------------------------+-------+-------+-------+-------+-------++-------
   Fire: Shortbow          |   111 |    43 |       |       |       ||   154
         Orcbow            |       |    96 |   335 |   886 |   109 ||  1426
         Arbalest          |       |       |       |       |   418 ||   418
 Invoke: Heroism           |       |       |     5 |     1 |       ||     6
         Finesse           |       |       |       |    10 |     3 ||    13
    Use: Potion            |     1 |       |     3 |     2 |     1 ||     7
         Scroll            |       |     8 |     4 |     9 |     3 ||    24
 Armour: Robe              |     9 |    19 |    62 |    46 |       ||   136
         Acid dragon scale |       |       |       |    63 |    87 ||   150
  Dodge: Dodged            |    26 |    52 |   274 |   476 |   295 ||  1123

Table legend:
 A = Non-vault XP
 B = Vault XP
 C = Vault XP percentage of total XP
 D = Non-vault monster count
 E = Vault monster count
 F = Vault count percentage of total count
                 A         B        C        D         E       F
            +---------+---------+-------+---------+---------+-------
      Total |   46650 |   19752 |  29.7 |     341 |      78 |  18.6
            +---------+---------+-------+---------+---------+-------
        D:1 |      46 |       0 |   0.0 |      24 |       0 |   0.0
        D:2 |      51 |       9 |  15.0 |      21 |       5 |  19.2
        D:3 |      55 |       0 |   0.0 |      13 |       0 |   0.0
        D:4 |     111 |       0 |   0.0 |      17 |       0 |   0.0
        D:5 |     900 |       0 |   0.0 |      12 |       0 |   0.0
        D:6 |    1059 |     268 |  20.2 |      19 |       1 |   5.0
        D:7 |     942 |       0 |   0.0 |      22 |       0 |   0.0
        D:8 |    1612 |     390 |  19.5 |      24 |       2 |   7.7
        D:9 |    2812 |       0 |   0.0 |      42 |       0 |   0.0
       D:10 |    1217 |       0 |   0.0 |       9 |       0 |   0.0
       D:11 |    5112 |    1566 |  23.5 |      13 |       4 |  23.5
     Lair:1 |    5057 |    5964 |  54.1 |      24 |      19 |  44.2
     Lair:2 |    4397 |    1733 |  28.3 |      19 |       8 |  29.6
     Lair:3 |    9173 |    2197 |  19.3 |      32 |       6 |  15.8
     Lair:4 |    5102 |       0 |   0.0 |      19 |       0 |   0.0
     Lair:5 |    9004 |    7625 |  45.9 |      31 |      33 |  51.6
            +---------+---------+-------+---------+---------+-------
